TOP OF THE 1ST |
San Francisco (APP) Giants batting - Pitching for Johnson City Cardinals : RHP Joaquin Gonzales
|
Pitching: RHP Joaquin Gonzales
|
|
Batting: RHB Coen Dirks
|
0-0: Called Strike 0-1: Called Strike 0-2: Ball 1-2: Ball 2-2: Ball 3-2: Foul Ball, location: 2F 3-2: Base on Balls
|
Batting: RHB Alex Peguero
|
0-0: Ball 1-0: Fly out, F5 (Popup, 25F, EV 86.2 MPH)
|
Batting: RHB Tsugio Yamaguchi
|
0-0: Ball 1-0: SINGLE (Groundball, 34, EV 99.4 MPH) (infield hit) Coen Dirks to second
|
Batting: RHB Zach Maguire
|
0-0: Ball 1-0: Swinging Strike 1-1: Ball 2-1: Ball 3-1: Base on Balls Coen Dirks to third Tsugio Yamaguchi to second
|
Batting: LHB Dennis Jones
|
0-0: Ball 1-0: Called Strike 1-1: Called Strike 1-2: Ball 2-2: Ball 3-2: Grounds into fielders choice 1-2 (Groundball, 34S, EV 76.2 MPH) Tsugio Yamaguchi to third Zach Maguire to second
|
Batting: RHB Vinny Torres
|
0-0: Ball 1-0: Ball 2-0: Ground out 4-3 (Groundball, 4S, EV 87.5 MPH)
|
Top of the 1st over - 0 runs, 1 hit, 0 errors, 3 left on base; San Francisco (APP) 0 - Johnson City 0 |
BOTTOM OF THE 1ST |
Johnson City Cardinals batting - Pitching for San Francisco (APP) Giants : RHP Carlos Solis
|
Pitching: RHP Carlos Solis
|
|
Batting: RHB Diego Herrera
|
0-0: Foul Ball, location: 2F 0-1: Foul Ball, location: 2F 0-2: Foul Ball, location: 2F 0-2: Ball 1-2: Strikes out swinging
|
Batting: SHB J.T. Ready
|
0-0: Foul Ball, location: 2F 0-1: Ball 1-1: Swinging Strike 1-2: Ball 2-2: SINGLE (Line Drive, 8RS, EV 109.4 MPH)
|
Batting: RHB Arnold Schuler
|
0-0: Called Strike J.T. Ready steals 2nd base 0-1: Called Strike 0-2: Ball 1-2: Foul Ball, location: 2F 1-2: Ground out 6-3 (Groundball, 56, EV 85.6 MPH)
|
Batting: SHB Brad Meyer
|
0-0: Ball 1-0: Ball 2-0: Fly out, F5 (Popup, 25F, EV 77.5 MPH)
|
Bottom of the 1st over - 0 runs, 1 hit, 0 errors, 1 left on base; San Francisco (APP) 0 - Johnson City 0 |
TOP OF THE 2ND |
San Francisco (APP) Giants batting - Pitching for Johnson City Cardinals : RHP Joaquin Gonzales
|
Batting: RHB Jaime Rios
|
0-0: Ball 1-0: Swinging Strike 1-1: Ball 2-1: Foul Ball, location: 2F 2-2: Ball 3-2: Foul Ball, location: 2F 3-2: Foul Ball, location: 2F 3-2: Base on Balls
|
Batting: RHB Noe Oliva
|
0-0: Called Strike 0-1: Ball 1-1: Called Strike 1-2: Foul Ball, location: 2F 1-2: SINGLE (Line Drive, 78S, EV 106.2 MPH) Jaime Rios to second
|
Batting: RHB Ricky Aguilar
|
0-0: Called Strike 0-1: Ball 1-1: Called Strike 1-2: Ball 2-2: Strikes out swinging
|
Batting: RHB Coen Dirks
|
0-0: Ball 1-0: Ball 2-0: Called Strike 2-1: Ball 3-1: Fielders Choice at 2nd, 1-6 (Groundball, 13S, EV 62.5 MPH) Jaime Rios to third
|
Batting: RHB Alex Peguero
|
0-0: Ball 1-0: Ball Coen Dirks steals 2nd base 2-0: Called Strike 2-1: Ground out 4-3 (Groundball, 4M, EV 80.6 MPH)
|
Top of the 2nd over - 0 runs, 1 hit, 0 errors, 2 left on base; San Francisco (APP) 0 - Johnson City 0 |
BOTTOM OF THE 2ND |
Johnson City Cardinals batting - Pitching for San Francisco (APP) Giants : RHP Carlos Solis
|
Batting: LHB Pete Mitchell
|
0-0: Foul Ball, location: 2F 0-1: Foul Ball, location: 2F 0-2: Ball 1-2: Strikes out swinging
|
Batting: LHB Doug Nebel
|
0-0: Ball 1-0: Ball 2-0: Ball 3-0: Base on Balls
|
Batting: RHB Dan Wages
|
0-0: Ball 1-0: Called Strike 1-1: Ball 2-1: Foul Ball, location: 2F 2-2: Foul Ball, location: 2F 2-2: Strikes out swinging
|
Batting: SHB Felipe Campanella
|
0-0: Foul Ball, location: 2F 0-1: Fly out, F7 (Flyball, 78S, EV 85.6 MPH)
|
Bottom of the 2nd over - 0 runs, 0 hits, 0 errors, 1 left on base; San Francisco (APP) 0 - Johnson City 0 |
TOP OF THE 3RD |
San Francisco (APP) Giants batting - Pitching for Johnson City Cardinals : RHP Joaquin Gonzales
|
Batting: RHB Tsugio Yamaguchi
|
0-0: Foul Ball, location: 2F 0-1: Ground out 4-3 (Groundball, 4, EV 103.1 MPH)
|
Batting: RHB Zach Maguire
|
0-0: Ball 1-0: Called Strike 1-1: Fly out, F4 (Popup, 34S, EV 76.2 MPH)
|
Batting: LHB Dennis Jones
|
0-0: Ball 1-0: Foul Ball, location: 2F 1-1: Ball 2-1: Swinging Strike 2-2: Ball 3-2: Foul Ball, location: 2F 3-2: Fly out, F7 (Flyball, 78D, EV 101.9 MPH)
|
Top of the 3rd over - 0 runs, 0 hits, 0 errors, 0 left on base; San Francisco (APP) 0 - Johnson City 0 |
BOTTOM OF THE 3RD |
Johnson City Cardinals batting - Pitching for San Francisco (APP) Giants : RHP Carlos Solis
|
Batting: RHB Kevin Kelly
|
0-0: Ball 1-0: Ball 2-0: Ground out 5-3 (Groundball, 5S, EV 71.9 MPH)
|
Batting: RHB Diego Herrera
|
0-0: Ball 1-0: Swinging Strike 1-1: Ground out 3-1 (Groundball, 34S, EV 83.1 MPH)
|
Batting: SHB J.T. Ready
|
0-0: Ball 1-0: Ball 2-0: Foul Ball, location: 2F 2-1: Ball 3-1: Base on Balls
|
Batting: RHB Arnold Schuler
|
0-0: Ball 1-0: Ball 2-0: Called Strike 2-1: DOUBLE (Line Drive, 78M, EV 107.5 MPH) J.T. Ready to third Runner from 3rd tries for Home, SAFE, throw by CF to home
|
Batting: SHB Brad Meyer
|
0-0: Ball 1-0: Ball 2-0: Called Strike 2-1: Fly out, F7 (Flyball, 78S, EV 90.0 MPH)
|
Bottom of the 3rd over - 1 run, 1 hit, 0 errors, 1 left on base; San Francisco (APP) 0 - Johnson City 1 |
TOP OF THE 4TH |
San Francisco (APP) Giants batting - Pitching for Johnson City Cardinals : RHP Joaquin Gonzales
|
Batting: RHB Vinny Torres
|
0-0: Foul Ball, location: 2F 0-1: Foul Ball, location: 2F 0-2: Ball 1-2: Strikes out looking
|
Batting: RHB Jaime Rios
|
0-0: Ball 1-0: Ball 2-0: Ball 3-0: Called Strike 3-1: Called Strike 3-2: DOUBLE (Flyball, 89D, EV 91.2 MPH)
|
Batting: RHB Noe Oliva
|
0-0: Ball 1-0: Fly out, F8 (Flyball, 8RXD, EV 108.1 MPH) Runner from 2nd tags up, SAFE at 3rd, no throw by CF
|
Batting: RHB Ricky Aguilar
|
0-0: Ball 1-0: Called Strike 1-1: Ground out 6-3 (Groundball, 6, EV 90.0 MPH)
|
Top of the 4th over - 0 runs, 1 hit, 0 errors, 1 left on base; San Francisco (APP) 0 - Johnson City 1 |
BOTTOM OF THE 4TH |
Johnson City Cardinals batting - Pitching for San Francisco (APP) Giants : RHP Carlos Solis
|
Batting: LHB Pete Mitchell
|
0-0: Called Strike 0-1: Foul Ball, location: 2F 0-2: Ball 1-2: Strikes out looking
|
Batting: LHB Doug Nebel
|
0-0: Ball 1-0: Swinging Strike 1-1: Foul Ball, location: 2F 1-2: Ball 2-2: Strikes out swinging
|
Batting: RHB Dan Wages
|
0-0: Called Strike 0-1: Called Strike 0-2: Ball 1-2: Strikes out looking
|
Bottom of the 4th over - 0 runs, 0 hits, 0 errors, 0 left on base; San Francisco (APP) 0 - Johnson City 1 |
TOP OF THE 5TH |
San Francisco (APP) Giants batting - Pitching for Johnson City Cardinals : RHP Joaquin Gonzales
|
Batting: RHB Coen Dirks
|
0-0: Called Strike 0-1: Ball 1-1: Ball 2-1: Ball 3-1: Base on Balls
|
Pitching: LHP David Salas
|
|
Batting: RHB Alex Peguero
|
0-0: Called Strike 0-1: Called Strike 0-2: Foul Ball, location: 2F 0-2: TRIPLE (Line Drive, 9LD, EV 106.9 MPH) Coen Dirks scores
|
Batting: RHB Tsugio Yamaguchi
|
0-0: SINGLE (Groundball, 56, EV 98.8 MPH) Alex Peguero scores
|
Batting: RHB Zach Maguire
|
0-0: Fielders Choice at 2nd, 6-4 (Groundball, 6, EV 98.1 MPH)
|
Batting: LHB Dennis Jones
|
0-0: Called Strike 0-1: Foul Ball, location: 2F 0-2: Ball 1-2: Ball 2-2: Strikes out swinging
|
Batting: RHB Vinny Torres
|
0-0: Called Strike 0-1: Ball Zach Maguire steals 2nd base Balk! Zach Maguire to third 1-1: Swinging Strike 1-2: Ball 2-2: Foul Ball, location: 2F 2-2: SINGLE (Groundball, 4M, EV 104.4 MPH) Zach Maguire scores
|
Batting: RHB Jaime Rios
|
0-0: Ball 1-0: Called Strike 1-1: Swinging Strike 1-2: Strikes out swinging
|
Top of the 5th over - 3 runs, 3 hits, 0 errors, 1 left on base; San Francisco (APP) 3 - Johnson City 1 |
BOTTOM OF THE 5TH |
Johnson City Cardinals batting - Pitching for San Francisco (APP) Giants : RHP Carlos Solis
|
Batting: SHB Felipe Campanella
|
0-0: Called Strike 0-1: Foul Ball, location: 2F 0-2: Ball 1-2: Foul Ball, location: 2F 1-2: Foul Ball, location: 2F 1-2: Ball 2-2: Fly out, F8 (Flyball, 8LS, EV 91.9 MPH)
|
Batting: RHB Kevin Kelly
|
0-0: Ball 1-0: Called Strike 1-1: Swinging Strike 1-2: Ball 2-2: Ball 3-2: Base on Balls
|
Pitching: LHP Randy Monaco
|
|
Batting: RHB Diego Herrera
|
0-0: Called Strike 0-1: Called Strike 0-2: Grounds into double play, 5-4-3 (Groundball, 56, EV 98.1 MPH)
|
Bottom of the 5th over - 0 runs, 0 hits, 0 errors, 0 left on base; San Francisco (APP) 3 - Johnson City 1 |
TOP OF THE 6TH |
San Francisco (APP) Giants batting - Pitching for Johnson City Cardinals : LHP David Salas
|
Batting: RHB Noe Oliva
|
0-0: Foul Ball, location: 2F 0-1: Ball 1-1: Foul Ball, location: 2F 1-2: Strikes out swinging
|
Batting: RHB Ricky Aguilar
|
0-0: Called Strike 0-1: Called Strike 0-2: Ball 1-2: Ball 2-2: Hit by Pitch
|
Pitching: RHP Steve Holmes
|
|
Batting: RHB Coen Dirks
|
0-0: Called Strike 0-1: Foul Ball, location: 2F 0-2: Ball 1-2: Ground out 4-3 (Groundball, 34, EV 111.2 MPH) Ricky Aguilar to second
|
Batting: RHB Alex Peguero
|
0-0: Ball 1-0: Ball 2-0: Called Strike 2-1: Called Strike 2-2: Fly out, F8 (Flyball, 8LD, EV 98.1 MPH)
|
Top of the 6th over - 0 runs, 0 hits, 0 errors, 1 left on base; San Francisco (APP) 3 - Johnson City 1 |
BOTTOM OF THE 6TH |
Johnson City Cardinals batting - Pitching for San Francisco (APP) Giants : LHP Randy Monaco
|
Batting: SHB J.T. Ready
|
0-0: Ball 1-0: Called Strike 1-1: Foul Ball, location: 2F 1-2: Ball 2-2: Foul Ball, location: 2F 2-2: Ball 3-2: Strikes out swinging
|
Batting: RHB Arnold Schuler
|
0-0: Ball 1-0: SOLO HOME RUN (Flyball, 78XD, EV 107.5 MPH), Distance : 422 ft
|
Batting: SHB Brad Meyer
|
0-0: Ball 1-0: Ball 2-0: Called Strike 2-1: Called Strike 2-2: Ball 3-2: Fly out, F9 (Flyball, 9LSF, EV 78.8 MPH)
|
Batting: LHB Pete Mitchell
|
0-0: Ball 1-0: Ball 2-0: Called Strike 2-1: Foul Ball, location: 2F 2-2: Foul Ball, location: 2F 2-2: Foul Ball, location: 2F 2-2: Foul Ball, location: 2F 2-2: Foul Ball, location: 2F 2-2: Ball 3-2: Foul Ball, location: 2F 3-2: Strikes out swinging
|
Bottom of the 6th over - 1 run, 1 hit, 0 errors, 0 left on base; San Francisco (APP) 3 - Johnson City 2 |
TOP OF THE 7TH |
San Francisco (APP) Giants batting - Pitching for Johnson City Cardinals : RHP Steve Holmes
|
Batting: RHB Tsugio Yamaguchi
|
0-0: Ball 1-0: Fly out, F8 (Flyball, 8LM, EV 86.2 MPH)
|
Batting: RHB Zach Maguire
|
0-0: Called Strike 0-1: Ball 1-1: Ball 2-1: Ground out 5-3 (Groundball, 5, EV 110.6 MPH)
|
Batting: LHB Dennis Jones
|
0-0: Called Strike 0-1: Ball 1-1: Foul Ball, location: 2F 1-2: Foul Ball, location: 2F 1-2: Foul Ball, location: 2F 1-2: Strikes out swinging
|
Top of the 7th over - 0 runs, 0 hits, 0 errors, 0 left on base; San Francisco (APP) 3 - Johnson City 2 |
BOTTOM OF THE 7TH |
Johnson City Cardinals batting - Pitching for San Francisco (APP) Giants : LHP Randy Monaco
|
Pitching: RHP Antonio Torres
|
|
Batting: LHB Doug Nebel
|
0-0: Called Strike 0-1: Fly out, F9 (Flyball, 9S, EV 86.9 MPH)
|
Batting: RHB Dan Wages
|
0-0: Fly out, F8 (Flyball, 8LXD, EV 106.9 MPH)
|
Batting: SHB Felipe Campanella
|
0-0: Swinging Strike 0-1: Foul Ball, location: 2F 0-2: Ball 1-2: Strikes out swinging
|
Bottom of the 7th over - 0 runs, 0 hits, 0 errors, 0 left on base; San Francisco (APP) 3 - Johnson City 2 |
TOP OF THE 8TH |
San Francisco (APP) Giants batting - Pitching for Johnson City Cardinals : RHP Steve Holmes
|
Batting: RHB Vinny Torres
|
0-0: Foul Ball, location: 2F 0-1: Swinging Strike 0-2: Ground out 5-3 (Groundball, 56S, EV 66.2 MPH)
|
Batting: RHB Jaime Rios
|
0-0: Fly out, F8 (Flyball, 8RM, EV 94.4 MPH)
|
Batting: RHB Noe Oliva
|
0-0: Called Strike 0-1: Ground out 6-3 (Groundball, 6, EV 80.6 MPH)
|
Top of the 8th over - 0 runs, 0 hits, 0 errors, 0 left on base; San Francisco (APP) 3 - Johnson City 2 |
BOTTOM OF THE 8TH |
Johnson City Cardinals batting - Pitching for San Francisco (APP) Giants : RHP Antonio Torres
|
Batting: RHB Kevin Kelly
|
0-0: Swinging Strike 0-1: Ball 1-1: Foul Ball, location: 2F 1-2: Strikes out looking
|
Pinch Hitting: SHB Steve Langlois
|
0-0: Ground out U3 (Groundball, 3L, EV 111.2 MPH)
|
Batting: SHB J.T. Ready
|
0-0: Ball 1-0: Ball 2-0: Called Strike 2-1: Ball 3-1: Foul Ball, location: 2F 3-2: Foul Ball, location: 2F 3-2: Foul Ball, location: 2F 3-2: Base on Balls
|
Batting: RHB Arnold Schuler
|
0-0: Swinging Strike 0-1: Ball 1-1: Called Strike 1-2: Fielders Choice at 2nd, 6-4 (Groundball, 56, EV 107.5 MPH)
|
Bottom of the 8th over - 0 runs, 0 hits, 0 errors, 1 left on base; San Francisco (APP) 3 - Johnson City 2 |
TOP OF THE 9TH |
San Francisco (APP) Giants batting - Pitching for Johnson City Cardinals : RHP Steve Holmes
|
Now in LF: Doug Nebel
|
|
Now in CF: Steve Langlois
|
|
Pinch Hitting: LHB Kuan Hsia
|
0-0: Foul Ball, location: 2F 0-1: Ground out 4-3 (Groundball, 34D, EV 90.6 MPH)
|
Batting: RHB Coen Dirks
|
0-0: Swinging Strike 0-1: Ball 1-1: Foul Ball, location: 2F 1-2: Ball 2-2: Foul Ball, location: 2F 2-2: Ball 3-2: Base on Balls
|
Batting: RHB Alex Peguero
|
0-0: Called Strike 0-1: Swinging Strike 0-2: Ball 1-2: Strikes out swinging
|
Batting: RHB Tsugio Yamaguchi
|
0-0: Ball 1-0: Foul Ball, location: 2F 1-1: Called Strike Coen Dirks steals 2nd base 1-2: Ball 2-2: Ball 3-2: Strikes out swinging
|
Top of the 9th over - 0 runs, 0 hits, 0 errors, 1 left on base; San Francisco (APP) 3 - Johnson City 2 |
BOTTOM OF THE 9TH |
Johnson City Cardinals batting - Pitching for San Francisco (APP) Giants : RHP Antonio Torres
|
Pitching: RHP Russ Hudson
|
|
Now in RF: Jonathan Hemsley
|
|
Batting: SHB Brad Meyer
|
0-0: Called Strike 0-1: Ball 1-1: Foul Ball, location: 2F 1-2: Strikes out swinging
|
Batting: LHB Pete Mitchell
|
0-0: Ball 1-0: Called Strike 1-1: Ball 2-1: Ball 3-1: Called Strike 3-2: Strikes out swinging
|
Batting: LHB Doug Nebel
|
0-0: Fly out, F8 (Flyball, 8LM, EV 96.9 MPH)
|
Bottom of the 9th over - 0 runs, 0 hits, 0 errors, 0 left on base; San Francisco (APP) 3 - Johnson City 2 |
|